 Dungeon Crawl Stone Soup version 0.30.1-11-g7821555f0a (webtiles) character file.

Game seed: 909126302869258137

14 lonewolfV2 the Shield-Bearer (level 2, -2/26 HPs)
             Began as a Minotaur Fighter on Nov 10, 2023.
             Killed from afar by Natasha (5 damage)
             ... with a magic dart
             ... on level 2 of the Dungeon.
             The game lasted 00:00:58 (680 turns).

lonewolfV2 the Shield-Bearer (Minotaur Fighter)      Turns: 680, Time: 00:00:58

Health: -2/26      AC:  6    Str: 20    XL:     2   Next: 27%
Magic:  1/1        EV: 18    Int:  5    God:
Gold:   70         SH:  0    Dex:  9    Spells: 1/1 levels left

rFire   + + .        a - melded +0 war axe
rCold   + + .        g - melded +0 kite shield
rNeg    + + +        b - melded +0 scale mail
rPois   ∞            (helmet currently unavailable)
rElec   +            h - melded +0 cloak
rCorr   +            (gloves currently unavailable)
SInv    .            (boots currently unavailable)
Will    .....        (amulet currently unavailable)
Stlth   +            j - melded +5 ring of evasion
HPRegen 0.24/turn    (ring currently unavailable)
MPRegen 0.07/turn

%: no passive effects
@: wisp-form, flying, slowed, very slow
A: insubstantial, flying, no casting, tiny, (horns 2), (retaliatory headbutt)
a: no special abilities


You were on level 2 of the Dungeon.
You were an insubstantial wisp.
You visited 1 branch of the dungeon, and saw 2 of its levels.

You collected 70 gold pieces.

Inventory:

Hand Weapons
 a - a +0 war axe (melded)
Armour
 b - a +0 scale mail (melded)
 g - a +0 kite shield (melded)
 h - a +0 cloak (melded)
Jewellery
 j - a +5 ring of evasion (melded)
Scrolls
 f - 2 scrolls of teleportation {unknown}
 i - 2 scrolls of identify {unknown}
 k - a scroll of fog {unknown}
Potions
 c - a potion of curing
 d - 2 potions of might
 e - 2 potions of heal wounds {unknown}


   Skills:
 - Level 3.6 Fighting
 - Level 2.4 Axes
 - Level 3.6 Armour
 * Level 2.2 Dodging
 - Level 3.6 Shields


You had one spell level left.
You didn't know any spells.
Your spell library contained the following spells:

 Spells                   Type           Power      Damage    Failure   Level
 Beastly Appendage        Tmut           0%         N/A       47%         1
 Wereblood                Tmut           0%         N/A       63%         2
 Spider Form              Tmut/Pois      0%         N/A       85%         3
 Animate Dead             Necr           0%         N/A       99%         4
 Borgnjor's Vile Clutch   Necr/Erth      0%         N/A       100%        5
 Death Channel            Necr           0%         N/A       100%        6


Dungeon Overview and Level Annotations

Branches:
Dungeon (2/15)

Altars:

Annotations:
D:2 Natasha


Innate Abilities, Weirdness & Mutations

You are an insubstantial wisp.
Your tiny insubstantial body is highly resistant to most damage types.
You are flying.
Your equipment is entirely melded.
You are incapable of wielding weapons or throwing items.
You cannot cast spells.
((You have a pair of horns on your head.))
((You reflexively headbutt those who attack you in melee.))


Message History

You block the cerulean imp's attack.
You miss Natasha.
Natasha is lightly wounded.
You hit the cerulean imp.
Natasha zaps a wand.
You resist with significant effort.
The cerulean imp hits you but does no damage.
Natasha claws you. You block the cerulean imp's attack.
You hit Natasha. Your headbutt misses Natasha.
Natasha is heavily wounded.
You slash the cerulean imp! Natasha casts a spell at you.
The magic dart hits you. The cerulean imp misses you. Natasha claws you.
The cerulean imp hits you with a +2 spear.
Natasha barely misses you. You furiously retaliate!
You headbutt Natasha. You closely miss Natasha.
Natasha is almost dead.
You hit the cerulean imp. You block the cerulean imp's attack.
Natasha drinks a potion.
Natasha is healed!
The cerulean imp hits you but does no damage.
Natasha claws you.
* * * LOW HITPOINT WARNING * * *
The cerulean imp misses you.
You barely miss Natasha.
Natasha is moderately wounded.
You closely miss the cerulean imp.
Natasha stares at you and mumbles some strange words.
The magic dart hits you.
* * * LOW HITPOINT WARNING * * *
You block the cerulean imp's attack.
Natasha zaps a wand.
You turn into an insubstantial wisp.
Your +0 war axe melds into your body.
Your +0 cloak melds into your body.
Your +0 kite shield melds into your body.
Your +0 scale mail melds into your body.
Your +5 ring of evasion melds into your body.
The cerulean imp barely misses you.
You completely miss Natasha.
Natasha is moderately wounded.
Natasha stares at you and mumbles some strange words.
The magic dart hits you.
You die...

#. #.<.... # #.
#.....#.# .#
#.....#. ..
#....... #.
#.....# #. #.....#
###.##.#..###
#....5.#....#
....[.#v#...##.#
##### #h#.####.##
#l#...#...########
#.#.#...#........^
#.#.###...########
....# ##.## .####
#.# # #.# #.#


You could see Natasha, a cerulean imp (summoned) and a frilled lizard.

Vanquished Creatures
  A worm (D:2)
  3 giant cockroaches
  2 kobolds (D:1)
  2 ball pythons (D:1)
  A frilled lizard (D:2)
  3 rats (D:2)
12 creatures vanquished.

Notes
Turn   | Place    | Note
-------+----------+-------------------------------------------
     0 | D:1      | lonewolfV2 the Minotaur Fighter began the quest for the
                  | Orb.
     0 | D:1      | Reached XP level 1. HP: 19/19 MP: 0/0
   101 | D:1      | Reached skill level 1 in Dodging
   571 | D:2      | Reached XP level 2. HP: 25/26 MP: 1/1
   670 | D:2      | Noticed Natasha
   680 | D:2      | Killed from afar by Natasha

Illustrated notes

Levels and vault maps discovered:
D:1:      minmay_arrival_jagged, layout_rooms, serial_bayou_lagoon_a
D:2:      layout_loops_ring, hellmonk_ecumenical_altar_crossroads,
          minmay_pentomino_o2, uniq_jessica, uniq_natasha

Skill      XL: |  1  2 |
---------------+-------+-----
Dodging        | 1 2 |  2.2
Fighting       | |  3.6
Axes           | |  2.4
Armour         | |  3.6
Shields        | |  3.6

Action                     || total
---------------------------++-------
  Melee: War axe           ||    30
         Headbutt          ||     2
         Unarmed           ||     1
    Use: Scroll            ||     2
 Armour: Scale mail        ||    11
  Dodge: Dodged            ||    19
  Block: Kite shield       ||    12
         Buckler           ||     2
